AoeStats
← zeos0708

Lombardia

510073583Analyzed
4v4 RM · 4d ago on Sep 29, 2026· 57m 7s· 8 players
Game mode
Random Map
Map size
Large (8 player)
Population
200
Speed
Normal
Resources
Standard
Victory
Conquest
Starting age
Dark Age
Ending age
Imperial Age
RankedLock teamsTeams togetherTeam positionsShared explorationLock speedFull tech treeHidden civsTurbo modeCheats
Victory
Defeat
🇨🇳 Magyars · China
986
+13
🇦🇷 Spanish · Argentina
935
+15
🇨🇳 Chinese · China
885
+18
🇻🇳 Franks · Vietnam
879
+18
🇨🇿 Sicilians · Czechia
990
-19
🇺🇸 Japanese · United States
902
-15
🇫🇷 Saracens · France
899
-15
🇮🇩 Magyars · Indonesia
897
-15
boo radley
7:33 Loom
10:44 Feudal Age
11:40 Double-Bit Axe
11:35 Horse Collar
11:19 Man-at-Arms
19:32 Wheelbarrow
19:48 Fletching
22:18 Castle Age
21:38 Fletching
21:50 Padded Archer Armor
21:43 Gold Mining
22:29 Crossbowman
23:05 Bodkin Arrow
23:40 Bow Saw
26:22 Hand Cart
27:25 Town Watch
32:03 Town Patrol
32:50 Thumb Ring
37:36 Imperial Age
36:12 Heavy Plow
36:39 Ballistics
37:54 Arbalester
39:03 Bracer
45:21 Chemistry
44:55 Caravan
46:20 Conscription
NomadRider5217
0:51 Loom
12:49 Feudal Age
13:37 Double-Bit Axe
22:21 Castle Age
20:16 Town Watch
23:12 Horse Collar
23:51 Bow Saw
24:07 Heavy Plow
29:58 Padded Archer Armor
32:17 Elite Skirmisher
32:18 Crossbowman
33:25 Fletching
33:51 Leather Archer Armor
35:00 Ballistics
37:30 Bodkin Arrow
37:44 Scale Mail Armor
40:32 Wheelbarrow
42:32 Fortified Wall
42:25 Stone Mining
43:36 Bloodlines
43:28 Husbandry
46:40 Scale Barding Armor
48:32 Chain Barding Armor
48:23 Forging
51:22 Iron Casting
54:40 Imperial Age
52:26 Hand Cart
54:50 Town Patrol
56:16 Coinage
55:47 Caravan
DESTINNI
4:39 Loom
8:50 Feudal Age
9:49 Double-Bit Axe
9:45 Horse Collar
16:51 Castle Age
16:11 Gold Mining
16:02 Horse Collar
19:11 Bow Saw
19:02 Heavy Plow
24:18 Scale Barding Armor
25:32 Wheelbarrow
25:26 Stone Mining
26:21 Town Watch
27:25 Bloodlines
27:27 Forging
29:05 Hand Cart
32:17 Imperial Age
30:03 Hand Cart
29:54 Husbandry
30:06 Forging
31:26 Fletching
31:57 Chain Barding Armor
33:29 Conscription
33:22 Masonry
33:49 Plate Barding Armor
33:47 Cavalier
35:03 Iron Casting
35:40 Siege Engineers
37:36 Crop Rotation
37:43 Gold Shaft Mining
37:44 Stone Shaft Mining
37:27 Town Patrol
38:07 Arrowslits
39:23 Chemistry
38:43 Ballistics
38:19 Murder Holes
39:25 Blast Furnace
38:26 Scale Mail Armor
38:21 Bodkin Arrow
38:27 Padded Archer Armor
40:42 Heavy Mounted Crossbowman
40:43 Cranequins
41:35 Pikeman
42:16 Squires
42:01 Arson
42:32 Chain Mail Armor
44:56 Plate Mail Armor
44:23 Halberdier
46:06 Bracer
46:22 Leather Archer Armor
48:43 Light Cavalry
50:29 Hoardings
50:10 Leather Archer Armor
55:31 Capped Ram
g1psy
1:24 Loom
11:12 Feudal Age
13:32 Double-Bit Axe
19:38 Castle Age
18:39 Horse Collar
18:54 Gold Mining
18:55 Stone Mining
26:16 Bow Saw
28:16 Heavy Plow
30:20 Gold Shaft Mining
31:26 Corvinian Army
33:44 Scale Barding Armor
33:43 Padded Archer Armor
35:11 Husbandry
35:24 Bloodlines
38:22 Imperial Age
36:50 Wheelbarrow
36:00 Town Watch
36:49 Treadmill Crane
37:30 Ballistics
37:24 Masonry
38:23 Hand Cart
38:10 Town Patrol
39:01 Scale Mail Armor
39:21 Chain Barding Armor
40:12 Cavalier
42:37 Crop Rotation
43:12 Two-Man Saw
42:50 Paladin
45:26 Plate Barding Armor
45:07 Chain Mail Armor
45:08 Leather Archer Armor
44:43 Fletching
46:33 Thumb Ring
49:34 Elite Magyar Huszar
50:16 Recurve Bow
49:58 Pikeman
51:33 Halberdier
美少女王兔
0:52 Loom
11:30 Feudal Age
15:31 Castle Age
19:54 Double-Bit Axe
21:04 Squires
22:47 Pikeman
25:02 Bow Saw
24:34 Horse Collar
27:00 Heavy Plow
30:16 Wheelbarrow
30:45 Gold Mining
32:42 Thumb Ring
32:37 Stone Mining
33:22 Gold Shaft Mining
34:39 Hand Cart
38:05 Imperial Age
36:55 Ballistics
38:27 Padded Archer Armor
38:18 Fletching
38:14 Elite Chu Ko Nu
38:21 Capped Ram
39:26 Conscription
39:28 Siege Ram
42:45 Two-Man Saw
42:16 Leather Archer Armor
41:56 Bodkin Arrow
53:11 Ring Archer Armor
52:42 Bracer
57:05 Elite Skirmisher
zeos0708
10:30 Feudal Age
10:59 Double-Bit Axe
10:59 Town Watch
17:46 Castle Age
17:38 Horse Collar
17:54 Gold Mining
19:11 Bow Saw
24:27 Fletching
26:04 Loom
26:46 Padded Archer Armor
36:41 Imperial Age
34:24 Heavy Plow
34:57 Leather Archer Armor
35:55 Wheelbarrow
37:56 Conscription
39:22 Chemistry
43:03 Hand Cart
52:38 Bodkin Arrow
53:45 Supremacy
54:49 Two-Man Saw
53:56 Caravan
54:36 Town Patrol
55:46 Ballistics
55:49 Bloodlines
56:16 Husbandry
56:56 Guilds
岡門偏佐
1:48 Loom
10:46 Feudal Age
17:51 Castle Age
17:05 Double-Bit Axe
17:25 Gold Mining
18:22 Horse Collar
18:17 Light Cavalry
19:25 Heavy Plow
21:48 Padded Archer Armor
21:42 Fletching
23:19 Wheelbarrow
23:46 Stone Mining
25:57 Padded Archer Armor
25:53 Bodkin Arrow
27:27 Bloodlines
27:34 Leather Archer Armor
28:02 Scale Barding Armor
29:58 Chain Barding Armor
34:33 Imperial Age
33:03 Hand Cart
33:22 Husbandry
33:41 Bow Saw
34:31 Corvinian Army
35:35 Conscription
34:50 Hussar
37:42 Plate Barding Armor
37:08 Bracer
38:23 Recurve Bow
39:09 Heavy Cavalry Archer
40:14 Parthian Tactics
40:27 Ring Archer Armor
41:04 Two-Man Saw
40:39 Elite Magyar Huszar
45:19 Chemistry
44:40 Ballistics
47:00 Gold Shaft Mining
50:55 Heavy Cavalry Archer
52:07 Caravan
dangcongtien.thcslb
11:31 Feudal Age
12:39 Loom
14:37 Double-Bit Axe
17:55 Castle Age
16:46 Stone Mining
19:48 Gold Mining
20:16 Bow Saw
28:21 Wheelbarrow
30:30 Gold Shaft Mining
30:19 Hand Cart
34:45 Imperial Age
32:32 Caravan
33:08 Coinage
32:53 Forging
34:31 Husbandry
35:48 Scale Barding Armor
36:19 Iron Casting
35:34 Fletching
35:08 Cavalier
35:52 Chivalry
36:12 Conscription
36:52 Chain Barding Armor
37:15 Banking
36:41 Paladin
38:44 Blast Furnace
38:26 Bodkin Arrow
38:37 Arson
40:42 Plate Barding Armor
40:04 Bodkin Arrow
Connection lost

Rejoining the realm…

Still unreachable

The connection could not be restored.

Session expired

The server has moved on; the page needs a fresh start.